 Dungeon Crawl Stone Soup version 0.31-a0-876-gfe8ebadbca (webtiles) character file.

Game seed: 4753000437522427155

39 BinkBink the Sneak (level 3, -1/29 HPs)
             Began as a Demonspawn Delver on Oct 14, 2023.
             Slain by a hound (3 damage)
             ... on level 5 of the Dungeon.
             The game lasted 00:00:43 (67 turns).

BinkBink the Sneak (Demonspawn Delver)                Turns: 67, Time: 00:00:43

Health: -1/29      AC:  3    Str: 14    XL:     3   Next: 28%
Magic:  3/3        EV: 12    Int: 11    God:
Gold:   8          SH:  0    Dex: 14    Spells: 2/2 levels left

rFire   . . .        a - +0 hand axe
rCold   . . .        (no shield)
rNeg    . . .        b - +0 leather armour
rPois   .            (no helmet)
rElec   .            (no cloak)
rCorr   .            (no gloves)
SInv    .            (no boots)
Will    .....        (no amulet)
Stlth   +++          (no ring)
HPRegen 0.24/turn    (no ring)
MPRegen 0.16/turn

%: no passive effects
@: no status effects
A: magic regeneration
a: no special abilities


You were on level 5 of the Dungeon.
You visited 1 branch of the dungeon, and saw 1 of its levels.

You collected 8 gold pieces.

Inventory:

Hand Weapons
 a - a +0 hand axe (weapon)
Armour
 b - a +0 leather armour (worn)
Wands
 g - a wand of digging (3)
Scrolls
 c - a scroll of fog
 d - a scroll of revelation
 e - a scroll of fear
Potions
 f - a potion of haste


   Skills:
 + Level 3.3 Fighting
 + Level 2.3 Axes
 + Level 2.2 Dodging
 + Level 4.8 Stealth


You had 2 spell levels left.
You didn't know any spells.
Your spell library was empty.

Dungeon Overview and Level Annotations

Branches:
Dungeon (5/15)
 Temple: D:4-7

Altars:


Innate Abilities, Weirdness & Mutations

You regenerate magic rapidly.


Message History

* * * LOW HITPOINT WARNING * * *
A hound comes into view.
The howler monkey hits you but does no damage.
You hit the howler monkey.
The howler monkey is severely wounded.
The howler monkey completely misses you.
You hit the howler monkey.
The howler monkey is severely wounded.
The howler monkey hoots and howls with incredible vigour!
An orc comes into view. It is wielding a +0 flail.
The howler monkey closely misses you.
You hear an angry hiss.
You hear a shout!
Something shouts, "Crawl home, thou warped two-tin-hat giglet!"
You hit the howler monkey.
The howler monkey is almost dead.
The howler monkey misses you.
You hit the howler monkey.
You kill the howler monkey!
An orc comes into view. It is wielding a +0 club.
Your Axes skill increases to level 2!
Your Dodging skill increases to level 2!
You have reached level 2!
Your demonic ancestry asserts itself...
Your magic begins to regenerate rapidly.
You have reached level 3!
Your experience leads to an increase in your attributes!
Increase (S)trength, (I)ntelligence, or (D)exterity?
You feel stronger. x2
You hit the orc.
You kill the orc!
The hound bites you but does no damage.
You completely miss the hound. The hound closely misses you.
The hound misses you.
You barely miss the hound. The hound bites you.
* * * LOW HITPOINT WARNING * * *
An orc comes into view. It is wielding a +0 flail.
You closely miss the hound. The hound completely misses you.
An adder comes into view.
The hound bites you.
You die...

##........
S....#.# #o.#...#
#....### #####
#......# #...#
#o##...# #...# #o#
### #...# #h#
#...# # #@#
#...#### #.####
#.......
#....######.......
####...##.#.......
###..#...#.###.
##.#.#.#.#...
#.......#.#.
##...####.#.
##...##..#.


You could see a hound, an adder and 3 orcs.

Vanquished Creatures
  A howler monkey (D:5)
  An orc (D:5)
2 creatures vanquished.

Notes
Turn   | Place    | Note
-------+----------+-------------------------------------------
     0 | D:5      | BinkBink the Demonspawn Delver began the quest for the Orb.
     0 | D:5      | Reached XP level 1. HP: 18/18 MP: 1/1
    21 | D:5      | Noticed an ogre
    49 | D:5      | Noticed a howler monkey
    59 | D:5      | Noticed a hound
    63 | D:5      | Killed a howler monkey
    64 | D:5      | Gained mutation: You regenerate magic rapidly. [demonic
                  | ancestry]
    64 | D:5      | Reached XP level 2. HP: 2/24 MP: 2/2
    64 | D:5      | Reached XP level 3. HP: 3/29 MP: 3/3
    67 | D:5      | Slain by a hound

Illustrated notes

Levels and vault maps discovered:
D:5:      layout_basic, elyvilon_altar_5, mainiacjoe_overflow_paths,
          serial_shops, shop, minmay_ruined_shrine, uniq_crazy_yiuf_cottage

Skill      XL: |  1 |
---------------+----+-----
Axes           | 2 |  2.3
Dodging        | 2 |  2.2
Fighting       | |  3.3
Stealth        | |  4.8

Action                     || total
---------------------------++-------
  Melee: Hand axe          ||    13
 Armour: Leather armour    ||     8
  Dodge: Dodged            ||     8

Table legend: (Time is in decaauts)
 A = Elapsed time spent in this place.
 B = Non-inter-level travel time spent in this place.
 C = Inter-level travel time spent in this place.
 D = Time resting spent in this place.
 E = Time spent auto-exploring this place.
 F = Levels seen in this place.
 G = Mean time per level.
                   A        B        C        D        E       F      G
               +--------+--------+--------+--------+--------+-----+--------+
         Total |     69 |     69 |      0 |      0 |     20 |   1 |   69.0 |
       Dungeon |     69 |     69 |      0 |      0 |     20 |   1 |   69.0 |
               +--------+--------+--------+--------+--------+-----+--------+

Top non-repeatable levels by time:
     D:5: 69 daAuts
